 Dungeon Crawl Stone Soup version 0.26.1-11-gd32895ea62 (webtiles) character file.

Game seed: 11259963161520342542

42 Zeld the Skirmisher (level 3, -2/25 (26) HPs)
             Began as an Octopode Fighter on May 10, 2021.
             Slain by a wight
             ... wielding a +0 great sword
              (16 damage)
             ... on level 2 of the Dungeon.
             The game lasted 00:01:36 (1043 turns).

Zeld the Skirmisher (Octopode Fighter)              Turns: 1043, Time: 00:01:37

HP:   -2/25 (26)    AC:  1    Str: 16    XL:     3   Next: 54%
MP:   3/3           EV: 11    Int: 10    God:
Gold: 75            SH:  9    Dex: 11    Spells: 2/2 levels left

rFire    . . .     SeeInvis .   a - +0 war axe
rCold    . . .     Faith    .   b - +0 kite shield
rNeg     . . .     Spirit   .   (helmet restricted)
rPois    .         Reflect  .   (no amulet)
rElec    .         Harm     .   (no ring)
rCorr    .         Rampage  .   (no ring)
Will     .....                  (no ring)
Stlth    ++........             (no ring)
HPRegen  0.08/turn              (no ring)
MPRegen  0.08/turn              (no ring)
                                (no ring)
                                (no ring)

@: lightly drained
A: almost no armour, stealthy swim, amphibious, 8 rings, constrict 8, camouflage
1, gelatinous body 1
a: no special abilities


You were on level 2 of the Dungeon.
You visited 1 branch of the dungeon, and saw 2 of its levels.

You collected 75 gold pieces.

Inventory:

Hand Weapons
 a - a +0 war axe (weapon)
Armour
 b - a +0 kite shield (worn)
Jewellery
 j - an uncursed ring of flight
Scrolls
 d - 2 scrolls of identify {unknown}
Potions
 c - a potion of might
 e - a potion of attraction {unknown}
 f - a potion of flight {unknown}
 g - a potion of resistance {unknown}
 h - 2 potions of brilliance {unknown}
 i - a potion of lignification {unknown}
 k - a potion of magic {unknown}


   Skills:
 * Level 3.5 Fighting
 * Level 2.7 Axes
 - Level 3.0 Dodging
 * Level 3.5 Shields


You had 2 spell levels left.
You didn't know any spells.
Your spell library was empty.

Dungeon Overview and Level Annotations

Branches:
Dungeon (2/15)

Altars:
Ashenzari


Innate Abilities, Weirdness & Mutations

You cannot wear most types of armour.
You are very stealthy in the water. (Stealth+)
You are amphibious.
You can wear up to eight rings at the same time.
You can use your tentacles to constrict eight enemies at once.
Your skin changes colour to match your surroundings (Stealth+).
Your rubbery body absorbs attacks. (AC +1, EV +1)


Message History

You release your grip on the wight.
You block the bat's attack. You block the wight's attack.
Press: ? - help, v - describe, . - travel
Here: a wight, wielding a +0 great sword and wearing a +0 robe The floor.
The wight hits you with a +0 great sword!
You feel drained. The bat closely misses you.
Unknown command.
The bat barely misses you. The bat closely misses you.
You block the bat's attack. The bat hits you. The bat closely misses you.
The wight barely misses you. The bat closely misses you.
The bat completely misses you.
There is a stone staircase leading up here.
The bat barely misses you.
The wight hits you with a +0 great sword!
Ouch! That really hurt!
You die...

#........##....).#
#..
#.#####..##......#
. ..#..#########
#.#.........
#.##.######.
#.##.#
###....######
#..##.......#
#........zz@#
#..........b+
+...........#
#....####..#####.
#.......†........
#####.....^...##.
#............#
#...=.........#
#.............#


You could see 2 wights and a bat.

Vanquished Creatures
  An adder (D:2)
  3 dart slugs
  A leopard gecko (D:1)
  3 giant cockroaches
  4 goblins (D:1)
  2 hobgoblins (D:1)
  A ball python (D:1)
  A bat (D:1)
  5 kobolds (D:1)
  6 rats (D:1)
27 creatures vanquished.

Notes
Turn   | Place    | Note
-------+----------+-------------------------------------------
     0 | D:1      | Zeld the Octopode Fighter began the quest for the Orb.
     0 | D:1      | Reached XP level 1. HP: 16/16 MP: 1/1
   340 | D:1      | Reached XP level 2. HP: 21/21 MP: 2/2
   682 | D:1      | Reached XP level 3. HP: 26/26 MP: 3/3
   921 | D:2      | Found a broken altar of Ashenzari.
  1043 | D:2      | Slain by a wight

Illustrated notes

Levels and vault maps discovered:
D:1:      dpeg_arrival_fog, layout_basic
D:2:      layout_basic, ashenzari_altar_1

Action                   || total
-------------------------++-------
Melee: War axe           ||    39
       Constrict         ||    10
       Tentacles         ||     4
 Stab: Sleeping          ||     4
Armor: Skin              ||     5
Dodge: Dodged            ||    23
Block: Kite shield       ||    15
